 Dungeon Crawl Stone Soup version 0.28.0 (webtiles) character file.

Game seed: 11580824664103730361

87 Destapler the Sneak (level 4, -3/23 HPs)
             Began as a Spriggan Brigand on Feb 5, 2022.
             Slain by an orc priest (6 damage)
             ... on level 3 of the Dungeon.
             The game lasted 00:08:46 (3182 turns).

Destapler the Sneak (Spriggan Brigand)              Turns: 3182, Time: 00:08:48

Health: -3/23      AC:  3    Str:  7    XL:     4   Next: 28%
Magic:  5/5        EV: 18    Int: 12    God:
Gold:   83         SH:  0    Dex: 18    Spells: 3/3 levels left

rFire   . . .      SeeInvis +   a - +2 dagger
rCold   . . .      Faith    .   (no shield)
rNeg    . . .      Spirit   .   b - +0 robe
rPois   .          Reflect  .   (helmet restricted)
rElec   .          Harm     .   c - +0 cloak
rCorr   .          Rampage  .   (gloves unavailable)
Will    .....                   (boots unavailable)
Stlth   +++.......              (no amulet)
HPRegen 0.07/turn               (no ring)
MPRegen 0.09/turn               (no ring)

@: very quick
A: very small, no large weapons, unfitting armour, see invisible, speed 3
a: no special abilities


You were on level 3 of the Dungeon.
You visited 1 branch of the dungeon, and saw 3 of its levels.

You collected 83 gold pieces.

Inventory:

Hand Weapons
 a - a +2 dagger (weapon)
Missiles
 d - 3 poisoned darts (quivered)
 e - 2 curare-tipped darts
Armour
 b - a +0 robe (worn)
 c - a +0 cloak (worn)
Wands
 m - a wand of iceblast (11)
 p - a wand of polymorph (5)
 r - a wand of mindburst (14)
Scrolls
 g - a scroll of enchant armour {unknown}
 h - 2 scrolls of noise {unknown}
 l - 2 scrolls of teleportation {unknown}
 n - 2 scrolls of immolation {unknown}
 o - a scroll of fog {unknown}
Potions
 f - a potion of haste {unknown}
 i - a potion of lignification {unknown}
 j - 6 potions of heal wounds {unknown}
 k - a potion of brilliance {unknown}
 q - a potion of degeneration {unknown}


   Skills:
 * Level 2.9 Fighting
 + Level 3.0 Short Blades
 - Level 2.0 Throwing
 + Level 2.9 Dodging
 - Level 5.8 Stealth


You had 3 spell levels left.
You didn't know any spells.
Your spell library was empty.

Dungeon Overview and Level Annotations

Branches:
Dungeon (3/15)

Altars:
Okawaru

Shops:
D:1 =


Innate Abilities, Weirdness & Mutations

You are very small and have problems with some larger weapons.
You are too small for most types of armour.
You have supernaturally acute eyesight. (SInv)
You cover ground extremely quickly. (Speed+++)


Message History

The helpless rat fails to defend itself.
You stick the rat like a pincushion!!!
You kill the rat!
No target in view!
Done exploring.
Done exploring.
(D) Dungeon
Where to? (Enter - D:2, ? - help)
There is a stone staircase leading down here.
You climb downwards.
There is a stone staircase leading up here.
Found a falchion.
You now have 83 gold pieces (gained 16).
Found a hand axe and a spear.
Found an iron altar of Okawaru.
Found a mace.
p - a wand of polymorph (5)
q - a lumpy emerald potion
r - a wand of mindburst (14)
An orc priest and 2 orcs come into view.
Throw: 4 darts (poison)
Press: ? - help, Q - select action, (/) - cycle Shift-Dir - straight line, f - orc priest
Aim: an orc priest, wielding a +0 short sword (asleep, 98% to hit)
You throw a poisoned dart. The poisoned dart hits the orc priest.
The orc priest is poisoned.
The orc priest shouts!
The orc shouts!
An orc comes into view. It is wielding a +0 dagger of speed.
You start waiting.
An orc priest is nearby!
An orc comes into view. It is wielding a +0 dagger.
The orc priest mumbles some strange prayers to Beogh against you.
Beogh smites you!
Ouch! That really hurt!
The orc shouts!
You hit the orc priest.
The orc priest is moderately wounded.
The orc priest looks more healthy.
The orc hits you with a +0 war axe!
* * * LOW HITPOINT WARNING * * *
The orc priest hits you with a +0 short sword.
You die...

##...#.## #### #.#
.#...#.# #.# . P#. ##>## .
.#. ...##...## PP ##.
..........#### ...
###.##........ ...
oo###########.##...#รท###
... .(....oo......#.###..#
### # ##@..#...#.# #..# #.
##...###....###..##
##..###.................##
#........#.).).#...#..#..#
..#.##..##.._..##..#.###.#
#...#.).).#...#.<#..# #
#.............#....##
#.##.#...###...#.#.####
...##...#...##.#.#


You could see an orc priest and 3 orcs.

Vanquished Creatures
  4 adders
  A worm (D:2)
  2 dart slugs
  5 endoplasms
  2 giant cockroaches
  3 goblins
  A hobgoblin (D:1)
  4 jackals (D:1)
  2 quokkas
  3 ball pythons
  4 bats
  7 frilled lizards
  3 kobolds
  5 rats
46 creatures vanquished.

Vanquished Creatures (others)
  10 withered plants (D:2)
10 creatures vanquished.

Grand Total: 56 creatures vanquished

Notes
Turn   | Place    | Note
-------+----------+-------------------------------------------
     0 | D:1      | Destapler the Spriggan Brigand began the quest for the Orb.
     0 | D:1      | Reached XP level 1. HP: 10/10 MP: 2/2
   152 | D:1      | Reached XP level 2. HP: 15/15 MP: 3/3
   512 | D:1      | Found Ris Ahad's One-of-a-Kind Rings.
  1091 | D:1      | Reached XP level 3. HP: 19/19 MP: 4/4
  1275 | D:2      | Found a faded altar of an unknown god.
  1639 | D:2      | You fall into a shaft and drop 1 floor!
  2362 | D:2      | Reached XP level 4. HP: 17/23 MP: 5/5
  3148 | D:3      | Found an iron altar of Okawaru.
  3182 | D:3      | Slain by an orc priest

Illustrated notes

Levels and vault maps discovered:
D:1:      lightli_arrival_boilingwater, layout_basic, nicolae_shop_unique_rings,
          nrook_loot_triangle
D:2:      minmay_alternating_diamond, layout_basic,
          ebering_ecumenical_altar_petrified
D:3:      layout_loops_ring, okawaru_ov_weapons_minmay, kennysheep_slug_shrine,
          serial_aquarium, aquarium_bridge_square [aquarium_subvault_window,
          aquarium_subvault_bridge, aquarium_subvault_wall,
          aquarium_subvault_bridge], aquarium_window_corridor_1,
          aquarium_window_corner, aquarium_window_1, aquarium_window_fake,
          aquarium_view_2b, aquarium_pool_2, serial_bayou_lake_a

Skill      XL: |  1  2  3  4 |
---------------+-------------+-----
Fighting       | 2 |  2.9
Dodging        | 2 |  2.9
Short Blades   | 3 |  3.0
Throwing       | |  2.0
Stealth        | |  5.8

Action                   |  1- 3 |  4- 6 || total
-------------------------+-------+-------++-------
Melee: Dagger            |   115 |    45 ||   160
       Punch             |     1 |       ||     1
Throw: Dart              |    31 |     3 ||    34
 Stab: Sleeping          |     5 |     1 ||     6
Armor: Robe              |    13 |     5 ||    18
Dodge: Dodged            |    81 |    33 ||   114
